 Dungeon Crawl Stone Soup version 0.20-a0-151-g755e310 (webtiles) character file.

32 mopl the Vexing (level 3, -2/14 HPs)
             Began as a Felid Enchanter on Nov 22, 2016.
             Slain by a jackal (3 damage)
             ... on level 2 of the Dungeon.
             The game lasted 00:02:21 (777 turns).

mopl the Vexing (Felid Enchanter)                    Turns: 777, Time: 00:02:22

Health: -2/14      AC:  1    Str:  4    XL:     3   Next: 8%
Magic:  0/7        EV: 18    Int: 17    God:
Gold:   59         SH:  0    Dex: 16    Spells: 3/6 levels left
                                        Lives:  0   Deaths: 0

rFire  x . .     SeeInvis +       - Unarmed
rCold  + . .     Gourm    .     (armour unavailable)
rNeg   . . .     Faith    .     (shield unavailable)
rPois  .         Spirit   +     (helmet unavailable)
rElec  .         Reflect  .     (cloak unavailable)
rCorr  +         Harm     .     (gloves unavailable)
MR     .....                    (boots unavailable)
Stlth  +++.......               e - amulet of guardian spirit
                                k - ring of ice
                                d - ring of resist corrosion

@: quick
A: no armour, no weapons or thrown items, stealth, claws 1, fangs 3, see
invisible, carnivore 3, speed 1, shaggy fur 1, slow metabolism 1, sharp paws
a: no special abilities


You were on level 2 of the Dungeon.
You were very full.

You visited 1 branch of the dungeon, and saw 2 of its levels.

You collected 59 gold pieces.

Inventory:

Jewellery
 d - a ring of resist corrosion (left paw)
 e - an amulet of guardian spirit (around neck)
 k - a ring of ice (right paw)
Scrolls
 c - a scroll of recharging {unknown}
 g - a scroll of random uselessness {unknown}
 h - 2 scrolls of remove curse {unknown}
Potions
 i - a potion of lignification {unknown}
 j - a potion of invisibility {unknown}
Books
 a - a book of Maledictions

   Spells                             Type                      Level
   a - Corona                         Hexes                        1
   b - Ensorcelled Hibernation        Hexes/Ice                    2
   c - Confuse                        Hexes                        3
   d - Tukima's Dance                 Hexes                        3
   e - Dazzling Spray                 Conjuration/Hexes            3
Comestibles
 b - a meat ration
 f - 4 chunks of flesh


   Skills:
 - Level 2.6 Dodging
 * Level 4.5 Stealth
 * Level 1.7 Unarmed Combat
 + Level 2.0 Spellcasting
 * Level 5.3 Hexes
 + Level 0.1 Ice Magic


You had 3 spell levels left.
You knew the following spells:

 Your Spells              Type           Power        Failure   Level  Hunger
a - Corona                Hex            ###....      2%          1    #......
b - Ensorcelled Hibernat  Hex/Ice        ###...       12%         2    ###....


Dungeon Overview and Level Annotations

Branches:
Dungeon (2/15)

Altars:


Innate Abilities, Weirdness & Mutations

You cannot wear armour.
You are incapable of wielding weapons or throwing items.
Your paws allow you to move quietly. (Stealth)
You have sharp claws.
You have razor-sharp teeth.
You have supernaturally acute eyesight. (SInv)
You are carnivorous and can eat meat at any time.
You cover ground quickly.
You are covered in fur. (AC +1)
You have a slow metabolism.
Your sharp claws are effective at attacking unaware monsters.


Message History

You scratch the jackal.
The jackal is heavily wounded.
The jackal bites you.
* * * LOW HITPOINT WARNING * * *
The jackal bites you.
* * * LOW HITPOINT WARNING * * *
The jackal closely misses you.
You see here a goblin corpse.
There is an open door here.
The jackal barely misses you.
You closely miss the jackal.
The jackal is lightly wounded.
The jackal bites you.
You barely miss the jackal. You bite the jackal.
The jackal is severely wounded.
The jackal closely misses you. The jackal misses you.
You scratch the jackal.
The jackal is almost dead.
The jackal bites you.
You die...

#########.########
#....# #.........
#....# #.........
#....# #.........
#....####..(......
#....'..†.†.......
#....#####........
#....# #.........
#@h..# #.........
###'## #.########
#...#####.########
#...'.....#..#....
#...#####.#..#.###
#.........#.......
#....##...##.#.##.
####.####..).#.#..
#.# ######.#..


You could see a jackal.

Vanquished Creatures
  An adder (D:1)
  A dart slug (D:2)
  2 ball pythons
  3 goblins
  4 hobgoblins
  A jackal (D:2)
  4 bats
  A frilled lizard (D:1)
  4 rats (D:1)
21 creatures vanquished.

Notes
Turn   | Place    | Note
-------+----------+-------------------------------------------
     0 | D:1      | mopl the Felid Enchanter began the quest for the Orb.
     0 | D:1      | Reached XP level 1. HP: 7/7 MP: 4/4
   234 | D:1      | Reached XP level 2. HP: 6/11 MP: 6/6
   239 | D:1      | Learned a level 2 spell: Ensorcelled Hibernation
   247 | D:1      | Reached skill level 5 in Hexes
   735 | D:2      | Reached XP level 3. HP: 10/14 MP: 7/7
   777 | D:2      | Slain by a jackal

Vault maps used:
D:1:      minmay_arrival_semitransparent
D:2:      nicolae_overflow_hidden_temple, first_bread

Skill      XL: |  1  2 |
---------------+-------+-----
Hexes          | 5 |  5.3
Dodging        | |  2.6
Stealth        | |  4.5
Unarmed Combat | |  1.7
Spellcasting   | |  2.0
Ice Magic      | |  0.1

Action                   || total
-------------------------++-------
Melee: Unarmed           ||    62
       Bite              ||     6
 Cast: Corona            ||     4
       Ensorcelled Hiber ||     8
 Stab: Sleeping          ||     8
  Eat: Chunk             ||     7
Armor: Skin              ||     2
Dodge: Dodged            ||    54
